 Dungeon Crawl Stone Soup version 0.19-a0-944-gb338e1e (webtiles) character file.

14726 HAL9000 the Carver (level 12, -16/103 HPs)
             Began as a Hill Orc Chaos Knight on July 9, 2016.
             Demolished by a spiny frog (21 damage)
             ... on level 3 of the Lair of Beasts.
             The game lasted 00:48:38 (13453 turns).

HAL9000 the Carver (Hill Orc Chaos Knight)         Turns: 13453, Time: 00:48:39

Health: -16/103    AC: 21    Str: 18    XL:     12   Next: 19%
Magic:  16/16      EV: 10    Int: 12    God:    Xom [.....*]
Gold:   633        SH:  0    Dex: 14    Spells: 2 memorised, 3 levels left

rFire  . . .     SeeInvis +     a - +1 falchion (chaos)
rCold  x . .     Gourm    .     Z - +1 chain mail "Jaostot" {+Inv rC- Regen+ Dex+2}
rNeg   . . .     Faith    .     (no shield)
rPois  +         Spirit   .     D - +2 helmet {SInv}
rElec  .         Dismiss  .     S - +0 cloak
rCorr  .         Reflect  .     G - +0 pair of gloves
SustAt .         Harm     .     V - +1 pair of boots {Fly}
MR     .....                    (no amulet)
Stlth  ..........               o - ring of poison resistance
                                d - ring of stealth

@: flying, not resistant to hostile enchantments, extremely unstealthy
A: blurry vision 1, no device heal 1
a: Renounce Religion, Evoke Invisibility, Stop Flying


You were on level 3 of the Lair of Beasts.
You worshipped Xom.
You were Xom's teddy bear.
You were hungry.

You visited 2 branches of the dungeon, and saw 13 of its levels.
You also visited: Labyrinth.

You collected 633 gold pieces.

Inventory:

Hand Weapons
 a - a +1 falchion of chaos (weapon)
 A - the +5 dagger of Bomual {flame, +Rage rPois Str+3}
   (You found it on level 7 of the Dungeon)

   It has been specially enchanted to burn those struck by it, causing extra
   injury to most foes and up to half again as much damage against particularly
   susceptible opponents.
   It affects your strength (+3).
   It protects you from poison.
   It lets you go berserk.
Missiles
 z - 12 tomahawks
 B - a throwing net (quivered)
Armour
 D - a +2 helmet of see invisible (worn)
 G - a +0 pair of gloves (worn)
 S - a +0 cloak (worn)
 V - a +1 pair of boots of flying (worn)
 Z - the +1 chain mail "Jaostot" (worn) {+Inv rC- Regen+ Dex+2}
   (You found it on level 7 of the Dungeon)

   It affects your dexterity (+2).
   It makes you vulnerable to cold.
   It lets you turn invisible.
   It increases your rate of regeneration.
Jewellery
 d - a ring of stealth (left hand)
 o - a ring of poison resistance (right hand)
 r - an uncursed ring of ice
 J - an uncursed ring of see invisible
Wands
 s - a wand of enslavement (5/24)
 t - a wand of polymorph (13/24)
 y - a wand of flame (5/48)
 H - a wand of enslavement (10/24)
 I - a wand of hasting (0/9)
 K - a wand of hasting (3/9)
 L - a wand of polymorph (0/24)
 N - a wand of lightning (5/15)
 O - a wand of lightning (0/15)
 Q - a wand of paralysis (0/24)
 U - a wand of lightning (10/15)
Scrolls
 h - 3 scrolls of amnesia
 i - 4 scrolls of teleportation
 p - a scroll of blinking
 q - a scroll of identify
 w - 7 scrolls of remove curse
 C - 3 scrolls of fog
 M - a scroll of magic mapping
 W - a scroll of recharging
Potions
 k - 3 potions of berserk rage {unknown}
 u - a potion of brilliance {unknown}
 v - 3 potions of curing
 E - a potion of flight
 P - a potion of might
 R - a potion of lignification {unknown}
 T - a potion of ambrosia {unknown}
 Y - a potion of resistance {unknown}
Miscellaneous
 x - a phial of floods
Comestibles
 c - 8 bread rations
 f - 7 meat rations
 n - 2 fruits
 F - 3 beef jerkies {god gift}
 X - a royal jelly


   Skills:
 - Level 8.4 Fighting
 - Level 14.2 Long Blades
 - Level 3.1 Throwing
 + Level 9.8 Armour
 + Level 5.0 Dodging
 + Level 6.0 Evocations


You had 3 spell levels left.
You knew the following spells:

 Your Spells              Type           Power        Failure   Level  Hunger
d - Blink                 Tloc           N/A          100%        2    ###....
H - Haste                 Chrm           #.......     100%        6    #######


Dungeon Overview and Level Annotations

Branches:
Dungeon (10/15)            Temple (0/1) D:5            Lair (3/6) D:8
  Swamp (0/4) Lair:2
  Snake: Lair:2-4    Spider: Lair:2-4       Orc: D:9-12

Altars:
Ashenzari
Cheibriados
Elyvilon
Fedhas
Gozag
Hepliaklqana
Okawaru
Pakellas
Ru
Sif Muna
Trog
Xom

Annotations:
D:10 tstbtto's ghost, journeyman MiFi


Innate Abilities, Weirdness & Mutations

Scrolls take you a little longer to read.
Potions and wands are less effective at restoring your health.


Message History

* * * LOW HITPOINT WARNING * * *
You are more poisoned.
The spiny frog poisons you!
You closely miss the spiny frog.
The spiny frog is lightly wounded.
You feel sick. The spiny frog stings you.
* * * LOW HITPOINT WARNING * * *
Your system partially rejects the healing.
You feel better. The spiny frog stings you!
* * * LOW HITPOINT WARNING * * *
The spiny frog barely misses you.
Unknown command.
The spiny frog refuses to make way for you. (Use ctrl+direction to attack.)
You barely miss the spiny frog. The spiny frog stings you!
* * * LOW HITPOINT WARNING * * *
You barely miss the spiny frog. The spiny frog barely misses you.
You riposte.
You barely miss the spiny frog. You closely miss the spiny frog.
The spiny frog stings you!!
You die...
Xom chortles!

#........P....## .###
#.............####..##
#P......PP...###.....#
###.....#.##.....P....# ######
.......####...........####....###
........##..###......PP##........
..!..#####..####...[...#.........
.P.P## ##...##....##........<...
.PP. #..P###.@F.###P..........
.### ###.### #....# ##..........
. #...#####...## #...........
#....#.##..## ##....†......
.#.......#.P## #....<.....†.
..............P###............
...###P.P.....(...............
.... #####.##.................
... ########.............


You could see a neutral spiny frog (insane).

Vanquished Creatures
  A minotaur (Lab)
  Fannar (Lair:2)
  Pikel (D:5)
  Maurice (D:8)
  A black mamba (Lair:2)
  4 komodo dragons
  A spiny frog (Lair:2)
  A troll (D:9)
  A jumping spider (D:7)
  A two-headed ogre (D:9)
  Sigmund (D:4)
  A spriggan (D:7)
  2 wyverns
  20 yaks
  5 hippogriffs
  4 swamp worms (Lair:2)
  2 porcupines
  3 water moccasins
  Duvessa (D:4)
  3 ice beasts
  5 sky beasts
  A black bear (Lair:1)
  An ogre (shapeshifter) (Lair:2)
  A slave (D:4)
  3 ogres
  3 crocodiles
  2 centaurs
  3 giant frogs
  Dowan (D:4)
  2 scorpions
  A jelly (D:7)
  10 killer bees
  2 howler monkeys
  An electric eel (Lair:2)
  2 giant frog zombies
  A crimson imp (D:5)
  A quasit (D:5)
  A centaur skeleton (D:8)
  4 hounds
  A jelly (shapeshifter) (D:6)
  3 orc priests
  5 orc wizards
  4 iguanas
  Natasha (D:4)
  8 worker ants
  6 sheep (Lair:2)
  3 hound zombies
  A hound skeleton (D:3)
  A howler monkey zombie (D:6)
  Robin (D:2)
  14 adders
  12 gnolls
  A howler monkey skeleton (D:3)
  31 river rats
  A shadow imp (D:9)
  A worm zombie (D:7)
  2 adder skeletons (D:4)
  An adder zombie (D:9)
  6 worms
  3 dart slugs
  13 giant geckos
  18 orcs
  A ball python (D:1)
  4 giant cockroaches
  14 goblins
  13 hobgoblins
  9 jackals
  A kobold (shapeshifter) (D:9)
  9 kobolds
  4 quokkas
  A ball python skeleton (D:3)
  7 bats
  2 giant gecko zombies (D:3)
  6 giant newts
  A jackal skeleton (D:3)
  A jackal zombie (D:3)
  A quokka skeleton (D:3)
  2 quokka zombies
  6 rats
  A fungus (Lair:2)
320 creatures vanquished.

Vanquished Creatures (collateral kills)
  A hydra (Lair:3)
  A yak (Lair:2)
  An ogre (D:4)
  A centaur skeleton (D:9)
  Natasha (twice) (D:4)
  An orc (D:9)
  A fungus (Lair:2)
8 creatures vanquished.

Vanquished Creatures (others)
  A ghost crab (Lair:2)
  An unseen horror (D:10)
  A slave (D:5)
  An orc wizard (D:9)
  An orc priest (D:9)
  An iron imp (D:9)
  2 gnolls (D:5)
  An orc (D:8)
  A goblin (D:2)
  7 fungi
  3 plants (Lair:2)
20 creatures vanquished.

Grand Total: 348 creatures vanquished

Notes
Turn   | Place    | Note
-------+----------+-------------------------------------------
     0 | D:1      | HAL9000 the Hill Orc Chaos Knight began the quest for the Orb.
     0 | D:1      | Reached XP level 1. HP: 19/19 MP: 1/1
   132 | D:1      | Reached XP level 2. HP: 18/27 MP: 2/2
   422 | D:1      | Reached skill level 4 in Long Blades
   512 | D:1      | Reached XP level 3. HP: 33/33 MP: 3/3
   927 | D:2      | XOM: divination: magic mapping
   982 | D:2      | Reached XP level 4. HP: 32/40 MP: 4/4
  1046 | D:2      | Found a sacrificial altar of Ru.
  1168 | D:2      | Found a white marble altar of Elyvilon.
  1218 | D:2      | Noticed Robin
  1233 | D:2      | XOM: potion effect (berserk rage)
  1291 | D:2      | XOM: potion effect (brilliance)
  1362 | D:2      | Killed Robin
  1370 | D:2      | XOM: divination: magic mapping
  1564 | D:2      | Reached skill level 5 in Long Blades
  1621 | D:2      | XOM: silly message
  1907 | D:3      | Reached XP level 5. HP: 46/47 MP: 5/5
  2013 | D:3      | XOM: harmless Necr miscast
  2047 | D:3      | XOM: harmless Chrm miscast
  2259 | D:3      | Reached XP level 6. HP: 37/53 MP: 6/6
  2283 | D:3      | XOM: medium Air miscast
  3039 | D:4      | Reached skill level 6 in Long Blades
  3055 | D:4      | Noticed Sigmund
  3093 | D:4      | XOM: 3-stop teleportation journey
  3130 | D:4      | Killed Sigmund
  3130 | D:4      | Reached skill level 5 in Fighting
  3130 | D:4      | Reached XP level 7. HP: 50/61 MP: 7/7
  3214 | D:4      | Noticed Duvessa
  3214 | D:4      | Noticed Dowan
  3230 | D:4      | Killed Duvessa
  3230 | D:4      | Reached skill level 7 in Long Blades
  3230 | D:4      | Reached skill level 1 in Throwing
  3231 | D:4      | XOM: butterfly on damage
  3239 | D:4      | Killed Dowan
  3636 | D:4      | Noticed Natasha
  3636 | D:4      | XOM: cast spell 'Summon Hydra'
  3637 | D:4      | Killed Natasha
  3667 | D:4      | XOM: scenery: create altars
  3684 | D:4      | Noticed Natasha
  3685 | D:4      | XOM: summons 7 friendly demons
  3691 | D:4      | Killed Natasha
  3706 | D:4      | XOM: god gift: beef jerky {god gift}
  3878 | D:4      | Noticed Natasha
  3886 | D:4      | XOM: divination: detect items
  3891 | D:4      | Killed Natasha
  3891 | D:4      | Reached skill level 8 in Long Blades
  3977 | D:4      | Reached XP level 8. HP: 69/69 MP: 8/8
  4040 | D:4      | XOM: mild Divn miscast
  4190 | D:5      | Entered Level 5 of the Dungeon
  4204 | D:5      | Found a staircase to the Ecumenical Temple.
  4313 | D:5      | Noticed Edmund
  4314 | D:5      | XOM: cast spell 'Olgreb's Toxic Radiance'
  4367 | D:5      | Noticed Edmund
  4367 | D:5      | Edmund changed into Edmund the ice beast
  4369 | D:5      | Killed Edmund the ice beast
  4369 | D:5      | Reached skill level 9 in Long Blades
  4383 | D:5      | XOM: harmless Divn miscast
  4655 | D:5      | XOM: 1-stop teleportation journey
  4673 | D:5      | Noticed Pikel
  4686 | D:5      | Found a shattered altar of Ashenzari.
  4688 | D:5      | XOM: confusion (+ monsters)
  4777 | D:5      | XOM: confuse monster(s)
  4813 | D:5      | Reached skill level 10 in Long Blades
  4983 | D:5      | XOM: noise
  4987 | D:5      | XOM: cast spell 'Death Channel'
  5058 | D:5      | XOM: swap monsters
  5061 | D:5      | XOM: enchant monster (bad)
  5074 | D:5      | XOM: summons 5 friendly demons
  5093 | D:5      | XOM: scenery: create altars
  5097 | D:5      | Killed Pikel
  5097 | D:5      | Reached skill level 11 in Long Blades
  5097 | D:5      | Reached XP level 9. HP: 23/74 MP: 9/9
  5268 | D:5      | XOM: cloud trail
  5300 | D:5      | XOM: cast spell 'Summon Butterflies'
  5473 | D:5      | XOM: scenery: create altars
  5546 | D:5      | XOM: cast spell 'Hydra Form'
  5548 | D:5      | Reached skill level 12 in Long Blades
  5590 | D:5      | Found an iron altar of Okawaru.
  5665 | D:5      | XOM: god gift: 45 gold pieces {god gift}
  5748 | D:6      | XOM: noise
  5751 | D:6      | XOM: polymorph centaur -> jelly
  6064 | D:6      | Found a hazy altar of Hepliaklqana.
  6997 | D:7      | Got a transparent dagger
  6998 | D:7      | Identified the +5 dagger of Bomual {flame, +Rage rPois Str+3} (You found it on level 7 of the Dungeon)
  7124 | D:7      | Found a sand-covered staircase.
  7141 | D:7      | XOM: give mutation
  7141 | D:7      | Gained mutation: Scrolls take you a little longer to read. [Xom's mischief]
  7204 | D:7      | Found a bloodstained altar of Trog.
  7352 | D:7      | XOM: enchant monster (good)
  7355 | D:7      | Reached skill level 5 in Armour
  7444 | D:7      | XOM: harmless Conj miscast
  7515 | D:7      | Found a snail-covered altar of Cheibriados.
  7526 | D:7      | Found a deep blue altar of Sif Muna.
  7538 | D:7      | XOM: silly message
  7570 | D:7      | Found an opulent altar of Gozag.
  7573 | D:7      | Found a blossoming altar of Fedhas.
  7654 | D:7      | XOM: harmless Conj miscast
  7657 | D:7      | Got a steaming chain mail
  7668 | D:7      | Identified the +1 chain mail "Jaostot" {+Inv rC- Regen+ Dex+2} (You found it on level 7 of the Dungeon)
  7694 | D:7      | XOM: potion effect (might)
  7700 | D:7      | Reached XP level 10. HP: 66/84 MP: 10/10
  7784 | D:7      | XOM: give mutation
  7784 | D:7      | Gained mutation: Potions and wands are less effective at restoring your health. [Xom's mischief]
  7874 | D:8      | XOM: 2-stop teleportation journey
  8091 | D:8      | Reached skill level 13 in Long Blades
  8331 | D:8      | XOM: 4-stop teleportation journey
  8392 | D:8      | Noticed Maurice
  8396 | D:8      | XOM: enchant monster (good)
  8424 | D:8      | Found a staircase to the Lair.
  8458 | D:8      | Killed Maurice
  8922 | D:9      | XOM: blink monster(s)
  8946 | D:9      | XOM: cast spell 'Summon Small Mammal'
  8956 | D:9      | XOM: confuse monster(s)
  9051 | D:9      | XOM: destruction
  9061 | D:9      | XOM: polymorph crimson imp -> iron imp
  9203 | D:9      | XOM: scenery: 1 doors open
  9221 | D:9      | XOM: cast spell 'Excruciating Wounds'
  9273 | D:9      | XOM: polymorph yak -> two-headed ogre
  9644 | D:9      | Found an oddly glowing altar of Pakellas.
  9820 | D:10     | Entered Level 10 of the Dungeon
  9821 | D:10     | Noticed tstbtto's ghost (journeyman MiFi)
  9828 | D:10     | XOM: summons 5 hostile demons
  9844 | D:10     | Killed an unseen horror
  9844 | D:10     | XOM: divine lightning
  9845 | D:10     | XOM: summons friendly iron imp
  9848 | D:10     | XOM: confusion
  9852 | D:10     | Noticed a gargoyle
  9855 | D:10     | XOM: summons friendly quasit
  9860 | D:10     | XOM: enchant monster (good)
  9876 | D:10     | Noticed an orc knight
 10087 | Lair:1   | Entered Level 1 of the Lair of Beasts
 10218 | Lair:1   | Reached skill level 14 in Long Blades
 10223 | Lair:1   | XOM: medium Necr miscast
 10370 | Lair:1   | Reached XP level 11. HP: 38/95 MP: 11/11
 10546 | Lair:1   | Reached skill level 1 in Dodging
 10616 | Lair:1   | Reached skill level 1 in Evocations
 10618 | Lair:1   | Found a labyrinth entrance.
 10627 | Lab      | Entered a labyrinth
 10786 | Lab      | Noticed a minotaur
 10811 | Lab      | Killed a minotaur
 11121 | Lair:1   | Learned a level 2 spell: Blink
 11128 | Lair:1   | Learned a level 6 spell: Haste
 11311 | Lair:2   | Noticed Fannar
 11322 | Lair:2   | XOM: butterfly on damage
 11326 | Lair:2   | XOM: enchant monster (bad)
 11341 | Lair:2   | XOM: silly message
 11343 | Lair:2   | XOM: swap monsters
 11345 | Lair:2   | Killed Fannar
 11366 | Lair:2   | XOM: swap monsters
 11522 | Lair:2   | XOM: 5-stop teleportation journey
 11523 | Lair:2   | XOM: harmless Necr miscast
 11536 | Lair:2   | XOM: 2-stop teleportation journey
 11549 | Lair:2   | XOM: polymorph sheep -> iguana
 11572 | Lair:2   | XOM: divination: magic mapping
 11609 | Lair:2   | XOM: scenery: create altars
 11610 | Lair:2   | XOM: blink monster(s)
 11676 | Lair:2   | Noticed Harold
 11678 | Lair:2   | Noticed Harold
 11678 | Lair:2   | Harold changed into Harold the ghost crab
 11684 | Lair:2   | Noticed a spectral anaconda
 11691 | Lair:2   | Killed Harold the ghost crab
 11691 | Lair:2   | XOM: divine lightning (protected)
 11861 | Lair:2   | XOM: summons 11 friendly demons
 11876 | Lair:2   | XOM: enchant monster (good)
 11910 | Lair:2   | XOM: polymorph ufetubus -> white imp
 11916 | Lair:2   | XOM: fake destruction
 11921 | Lair:2   | XOM: confuse monster(s)
 12092 | Lair:2   | Found a staircase to the Swamp.
 12111 | Lair:2   | XOM: enchant monster (good)
 12410 | Lair:2   | Reached skill level 5 in Evocations
 12423 | Lair:2   | XOM: scenery: create altars
 12605 | Lair:2   | XOM: enchant monster (good)
 12621 | Lair:2   | XOM: confuse monster(s)
 12623 | Lair:2   | Reached XP level 12. HP: 48/103 MP: 14/16
 12630 | Lair:2   | XOM: fog
 12978 | Lair:2   | XOM: summons friendly white imp
 13146 | Lair:3   | XOM: confuse monster(s)
 13181 | Lair:3   | XOM: enchant monster (good)
 13183 | Lair:3   | Reached skill level 5 in Dodging
 13418 | Lair:3   | Noticed a seven-headed hydra
 13430 | Lair:3   | XOM: divination: detect items
 13438 | Lair:3   | XOM: cast spell 'Discord'
 13439 | Lair:3   | Killed a seven-headed hydra
 13451 | Lair:3   | HP: 4/103 [spiny frog (7)]
 13453 | Lair:3   | Demolished by a spiny frog

Vault maps used:
D:1:      minmay_arrival_shattered_statue
D:2:      elyvilon_altar_5, nicolae_ru_sacrificial_ziggurat, uniq_robin
D:3:      kennysheep_big_flooded_room, serial_undead, serial_undead_d,
          serial_undead_b, serial_undead_c, serial_undead_a, serial_undead_f,
          serial_undead_b, serial_undead_e, serial_undead_c, glass_columns_c,
          hex_medium, grunt_ministairs_6
D:4:      first_bread, st_stairs_4, roderic_greek_sauvastika, uniq_sigmund,
          uniq_natasha, uniq_duvessa
D:5:      basic_altar, kennysheep_okawaru_gauntlet, uniq_edmund, uniq_pikel
D:6:      old_standard_altar, kennysheep_decorative_pillar, dk_noncrumbling_2,
          feat_on_display
D:7:      grunt_temple_overflow_cloverleaf, basic_altar, enter_ossuary_3,
          the_bakery
D:8:      lemuel_ice_spiral_2, lair_0_dummy, uniq_maurice
D:9:      grunt_pakellas_basics
D:10:     special_room, minmay_checkerbox
Lair:1:   lab_entry_generic, minivault_11
Lair:2:   nicolae_swamp_entry_splash_gauntlet, special_room, uniq_harold,
          uniq_fannar
Lair:3:   spider_nest_entry_a
Lab:      labyrinth_mini_lab

Skill      XL: |  1  2  3  4  5  6  7  8  9 10 11 12 |
---------------+-------------------------------------+-----
Long Blades    | 4 5 6 8 11 12 14 | 14.2
Fighting       | 4 5 6 8 |  8.4
Armour         | 3 4 5 7 9 |  9.8
Throwing       | 2 3 |  3.1
Dodging        | 4 5 |  5.0
Evocations     | 5 6 |  6.0

Action                   |  1- 3 |  4- 6 |  7- 9 | 10-12 || total
-------------------------+-------+-------+-------+-------++-------
Melee: Falchion          |    88 |   326 |   586 |  1002 ||  2002
       Unarmed           |       |       |     1 |       ||     1
Throw: Tomahawk          |       |     2 |     5 |     2 ||     9
       Throwing net      |       |       |       |     1 ||     1
Evoke: Wand              |       |       |     3 |     7 ||    10
       Phial of floods   |       |       |       |     1 ||     1
  Use: Potion            |       |     1 |     3 |     5 ||     9
       Scroll            |       |     5 |     4 |    11 ||    20
 Stab: Sleeping          |     3 |     5 |       |       ||     8
       Confused          |       |     2 |     8 |    12 ||    22
       Petrifying        |       |     1 |     6 |     6 ||    13
       Distracted        |       |     1 |       |       ||     1
       Paralysed         |       |     3 |     2 |    10 ||    15
       Petrified         |       |       |     1 |     2 ||     3
  Eat: Chunk             |       |     7 |    13 |    14 ||    34
       Fruit             |       |     1 |     2 |     5 ||     8
       Pizza             |       |       |       |     1 ||     1
Armor: Leather armour    |    15 |   106 |    34 |       ||   155
       Chain mail        |       |       |   211 |   398 ||   609
       Skin              |       |       |     7 |       ||     7
Dodge: Dodged            |    33 |   173 |   160 |   248 ||   614
